 Dungeon Crawl Stone Soup version 0.22-a0-42-g002c468 (webtiles) character file.

67 torrenera the Cudgeler (level 4, 0/28 HPs)
             Began as a Gargoyle Fighter on Jan 5, 2018.
             Was an Initiate of Wu Jian.
             Slain by a black bear (5 damage)
             ... on level 2 of the Dungeon.
             The game lasted 00:03:35 (1672 turns).

torrenera the Cudgeler (Gargoyle Fighter)           Turns: 1672, Time: 00:03:36

Health: 0/28       AC: 15    Str: 21    XL:     4   Next: 18%
Magic:  4/4        EV:  3    Int:  8    God:    Wu Jian [......]
Gold:   80         SH:  9    Dex:  9    Spells: 3/3 levels left

rFire    . . .     SeeInvis .   a - +0 flail
rCold    . . .     Gourm    .   c - +0 shield
rNeg     + . .     Faith    .   u - +0 plate armour
rPois    ∞         Spirit   .   (no helmet)
rElec    +         Reflect  .   (no cloak)
rCorr    .         Harm     .   (no gloves)
MR       .....                  (no boots)
Stlth    ..........             (no amulet)
HPRegen  0.09/turn              (no ring)
MPRegen  0.09/turn              (no ring)

@: no status effects
A: negative energy resistance 1, electricity resistance, unbreathing,
petrification resistance, rot immunity, AC +3
a: Renounce Religion


You were on level 2 of the Dungeon.
You worshipped Wu Jian.
Wu Jian was noncommittal.
You were not hungry.

You visited 1 branch of the dungeon, and saw 3 of its levels.

You collected 80 gold pieces.

Inventory:

Hand Weapons
 a - a +0 flail (weapon)
Missiles
 j - 45 stones (quivered)
 r - 2 curare-tipped needles
Armour
 c - a +0 shield (worn)
 e - a +0 large shield
 u - a +0 plate armour (worn)
Wands
 s - a wand of polymorph (14)
Scrolls
 g - a scroll of immolation {unknown}
 h - 3 scrolls of teleportation {unknown}
 i - a scroll of identify {unknown}
 k - a scroll of remove curse {unknown}
 l - 2 scrolls of magic mapping {unknown}
 n - a scroll of enchant weapon {unknown}
 o - a scroll of random uselessness {unknown}
 p - a scroll of fear {unknown}
 q - a scroll of enchant armour {unknown}
Potions
 d - 2 potions of might
Comestibles
 b - a chunk of flesh
 f - 5 rations


   Skills:
 - Level 3.2 Fighting
 + Level 4.3 Maces & Flails
 - Level 3.2 Armour
 - Level 3.2 Shields


You had 3 spell levels left.
You didn't know any spells.

Dungeon Overview and Level Annotations

Branches:
Dungeon (3/15)

Altars:
Wu Jian

Annotations:
D:3 Thaneod's ghost, amateur MiAs


Innate Abilities, Weirdness & Mutations

You are resistant to torment.
Your stone body is resilient. (AC +3)
You are immune to poison.
You resist negative energy. (rN+)
You are resistant to electric shocks. (rElec)
You can survive without breathing.
You are immune to petrification.
You are immune to rotting.


Message History

The black bear bites you but does no damage.
The black bear claws you.
* * * LOW HITPOINT WARNING * * *
The black bear claws you but does no damage.
It was a potion of cancellation.
Your magical effects are unravelling.
You feel magically purged.
You feel less invigorated.
You feel less confused.
The black bear bites you but does no damage.
The black bear claws you but does no damage. x2
The black bear bites you but does no damage.
You block the black bear's attack.
The black bear claws you but does no damage.
The black bear barely misses you. The black bear claws you.
* * * LOW HITPOINT WARNING * * *
You block the black bear's attack.
You see here a dagger.
The black bear rages.
You block the black bear's attack. The black bear claws you.
You die...

#..#.##.# ########.##..#.#
#..#.##.# #.....##.###.#.#
#.....).# #.....##.###.#.#
####.#### #.....##.......# #.#
....[ ######.## #.#### ... #.#
#....# #.# #.#
####.######<#### #.#
#.......@.....######.#
#.#.##.h##.#.......#.#
#########.#.#...)..#..####.#.#
.......##.#.....#..#..####.#.#
.#####.##.###...#..#..#......#
....##.##.###...........##.###
.##......)............####.#
.#....)..####.###..#.......#
.........# #......#########


You could see a black bear (berserk).

Vanquished Creatures
  An adder (D:2)
  An ooze (D:1)
  2 worms
  2 dart slugs (D:1)
  A leopard gecko (D:1)
  3 giant cockroaches (D:1)
  4 goblins
  4 hobgoblins
  2 jackals (D:1)
  A quokka (D:2)
  7 bats
  2 frilled lizards (D:1)
  6 kobolds
  6 rats
42 creatures vanquished.

Vanquished Creatures (others)
  A plant (D:2)
1 creature vanquished.

Grand Total: 43 creatures vanquished

Notes
Turn   | Place    | Note
-------+----------+-------------------------------------------
     0 | D:1      | torrenera the Gargoyle Fighter began the quest for the Orb.
     0 | D:1      | Reached XP level 1. HP: 14/14 MP: 1/1
   262 | D:1      | Reached XP level 2. HP: 18/19 MP: 2/2
   371 | D:1      | Reached skill level 3 in Maces & Flails
   442 | D:1      | Reached XP level 3. HP: 23/23 MP: 3/3
   848 | D:2      | Reached skill level 4 in Maces & Flails
   976 | D:2      | Noticed a black bear
  1048 | D:3      | Noticed Thaneod's ghost (amateur MiAs)
  1051 | D:3      | Reached XP level 4. HP: 22/28 MP: 4/4
  1119 | D:2      | Found an ornate altar of the Wu Jian Council.
  1414 | D:2      | Became a worshipper of the Wu Jian Council
  1666 | D:2      | HP: 1/28 [black bear (5)]
  1672 | D:2      | Slain by a black bear

Vault maps used:
D:1:      lordsloth_arrival_two_stooges
D:2:      old_standard_altar, tgw_xom, serial_bayou_pond_c
D:3:      hex_medium, uniq_crazy_yiuf_cottage

Skill      XL: |  1  2  3 |
---------------+----------+-----
Maces & Flails | 3 4 |  4.3
Fighting       | |  3.2
Armour         | |  3.2
Shields        | |  3.2

Action                   |  1- 3 |  4- 6 || total
-------------------------+-------+-------++-------
Melee: Flail             |   138 |    20 ||   158
Invok: Lunge             |       |     1 ||     1
  Use: Potion            |       |     2 ||     2
  Eat: Chunk             |     1 |     2 ||     3
Armor: Scale mail        |    43 |       ||    43
       Chain mail        |    63 |    19 ||    82
       Plate armour      |       |    34 ||    34
Dodge: Dodged            |    46 |     9 ||    55
Block: Shield            |    98 |    30 ||   128

Table legend:
 A = Spawn XP
 B = Non-spawn XP
 C = Spawn XP percentage of total XP
 D = Spawn monster count
 E = Non-spawn monster count
 F = Spawn count percentage of total count
 G = Total turns spent on level
                    A         B        C        D         E        F      G
               +---------+---------+-------+---------+---------+-------+---------
         Total |       0 |      97 |   0.0 |       0 |      42 |   0.0 |  1672
               +---------+---------+-------+---------+---------+-------+---------
           D:1 |       0 |      66 |   0.0 |       0 |      33 |   0.0 |  1099
           D:2 |       0 |      29 |   0.0 |       0 |       8 |   0.0 |   534
           D:3 |       0 |       2 |   0.0 |       0 |       1 |   0.0 |    39
               +---------+---------+-------+---------+---------+-------+---------
